 Dungeon Crawl Stone Soup version 0.28-a0-998-gb9e9c7b67e (webtiles) character file.

Game seed: 10901684242954860443

969 voltaire321 the Sneak (level 8, -2/48 HPs)
             Began as a Kobold Brigand on Dec 6, 2021.
             Slain by an acid dragon (6 damage)
             ... on level 6 of the Dungeon.
             The game lasted 00:17:56 (5356 turns).

voltaire321 the Sneak (Kobold Brigand)              Turns: 5356, Time: 00:17:56

Health: -2/48      AC:  7    Str:  8    XL:     8   Next: 38%
Magic:  12/12      EV: 16    Int: 14    God:
Gold:   256        SH:  0    Dex: 17    Spells: 11/13 levels left

rFire   . . .      SeeInvis .   h - +2 short sword (elec)
rCold   . . .      Faith    .   (shield restricted)
rNeg    . . .      Spirit   .   b - +0 robe
rPois   .          Reflect  .   q - +1 helmet
rElec   .          Harm     .   c - +0 cloak
rCorr   .          Rampage  .   g - +1 pair of gloves
Will    .....                   (no boots)
Stlth   +++++.....              (no amulet)
HPRegen 0.16/turn               (no ring)
MPRegen 0.13/turn               (no ring)

@: no status effects
A: small, no large weapons, nightstalker 3
a: no special abilities


You were on level 6 of the Dungeon.
You visited 1 branch of the dungeon, and saw 6 of its levels.
You also visited: Sewer.

You collected 256 gold pieces.

Inventory:

Hand Weapons
 a - a +2 dagger
 h - a +2 short sword of electrocution (weapon)
 n - a +2 dagger of venom
Missiles
 d - 19 poisoned darts (quivered)
 k - 3 atropa-tipped darts
Armour
 b - a +0 robe (worn)
 c - a +0 cloak (worn)
 g - a +1 pair of gloves (worn)
 q - a +1 helmet (worn)
Wands
 s - a wand of flame (19)
Scrolls
 f - a scroll of identify
 p - 3 scrolls of teleportation
Potions
 j - 3 potions of lignification
 l - 2 potions of mutation {unknown}
 m - 2 potions of magic
 o - a potion of berserk rage
 r - a potion of might {unknown}


   Skills:
 + Level 4.3 Fighting
 + Level 5.2 Short Blades
 + Level 4.3 Throwing
 + Level 4.1 Dodging
 + Level 7.3 Stealth
 + Level 3.1 Spellcasting
 - Level 2.0 Air Magic
 - Level 2.0 Poison Magic


You had 11 spell levels left.
You knew the following spells:

 Your Spells              Type           Power      Damage    Failure   Level
a - Poisonous Vapours     Pois/Air       14%        N/A       14%         2

Your spell library contained the following spells:

 Spells                   Type           Power      Damage    Failure   Level
 Corpse Rot               Necr/Air       8%         N/A       22%         2
 Ensorcelled Hibernation  Hex/Ice        4%         N/A       32%         2
 Spider Form              Tmut/Pois      4%         N/A       38%         3


Dungeon Overview and Level Annotations

Branches:
Dungeon (6/15)             Temple (0/1) D:5           Sewer (visited)

Altars:
Ashenzari
Fedhas
Kikubaaqudgha
Xom

Shops:
D:3 [


Innate Abilities, Weirdness & Mutations

You are small and have problems with some larger weapons.
You are completely attuned to the shadows.


Message History

Here: an acid dragon (almost dead, catching its breath)
The floor.
Blink to where?
Press: ? - help, Dir - move target
As you read the scroll of blinking, it crumbles to dust.
You see here 27 sling bullets.
You are no longer corroded.
Throw: 21 darts (poison)
Press: ? - help, Q - select action, (/) - cycle Shift-Dir - straight line, f - acid dragon
Aim: an acid dragon (almost dead, 64% to hit)
You throw a poisoned dart. The poisoned dart hits the acid dragon.
The acid dragon is almost dead.
The acid dragon spits acid at you. The splash of acid misses you.
Throw: 2 darts (curare)
Press: ? - help, Q - select action, (/) - cycle Shift-Dir - straight line, f/p - acid dragon
Aim: an acid dragon (almost dead, catching its breath, 64% to hit)
You throw a curare-tipped dart.
The curare-tipped dart hits the acid dragon.
The acid dragon is almost dead.
Throw: dart (curare)
Press: ? - help, Q - select action, (/) - cycle Shift-Dir - straight line, f/p - acid dragon
Aim: an acid dragon (almost dead, catching its breath, 64% to hit)
You throw a curare-tipped dart.
The curare-tipped dart closely misses the acid dragon.
Throw: 20 darts (poison)
Press: ? - help, Q - select action, (/) - cycle Shift-Dir - straight line, f/p - acid dragon
Aim: an acid dragon (almost dead, catching its breath, 64% to hit)
You throw a poisoned dart. The poisoned dart hits the acid dragon!
The acid dragon is poisoned.
The acid dragon is almost dead.
You barely miss the acid dragon.
The acid dragon is almost dead.
You barely miss the acid dragon.
The acid dragon is almost dead.
The acid dragon closely misses you. The acid dragon misses you.
You hit the acid dragon but do no damage.
The acid dragon is almost dead.
The acid dragon bites you.
You die...

#...ยง..## ###.........
###.....### #...........
##......# #######.##........
#......######.......###.###.##
##.......##.......### #.###.##
.....#...##.......# #.##....
....D#............# #.#..#.#
...........###.##.#####.#.##.#
.....###...(D@............##.#
.....####(..##.....#.........#
........((...#..#...#.#.###..#
.....#####...##..........###..
###### ##....(..>.###......#
....#.....(........
#.....###...####.#
##...###......#.#
.......###.#.....


You could see an acid dragon (very poisoned).

Vanquished Creatures
  The ghost of ytrimaz the Insei, an amateur OpTm of Okawaru (D:3)
  Pargi (Sewer)
  A black bear (D:4)
  An ogre (D:6)
  A kobold brigand (D:6)
  A scorpion (D:6)
  3 hounds
  Crazy Yiuf (D:3)
  A bullfrog skeleton (D:6)
  An iguana (D:6)
  2 orc wizards
  Natasha (twice) (D:2)
  2 hound skeletons (D:4)
  3 river rats (D:6)
  3 adders
  2 worms
  8 orcs
  5 endoplasms
  4 giant cockroaches
  7 goblins
  5 hobgoblins
  6 jackals
  13 kobolds
  7 quokkas
  3 ball pythons
  7 bats
  4 frilled lizards
  A rat (D:1)
96 creatures vanquished.

Vanquished Creatures (others)
  A fungus (D:3)
1 creature vanquished.

Grand Total: 97 creatures vanquished

Notes
Turn   | Place    | Note
-------+----------+-------------------------------------------
     0 | D:1      | voltaire321 the Kobold Brigand began the quest for the Orb.
     0 | D:1      | Reached XP level 1. HP: 12/12 MP: 1/1
   341 | D:1      | Reached XP level 2. HP: 18/18 MP: 2/2
   770 | D:2      | Found a faded altar of an unknown god.
   882 | D:2      | Reached XP level 3. HP: 22/22 MP: 3/3
  1273 | D:2      | Reached XP level 4. HP: 20/27 MP: 4/4
  1360 | D:2      | Noticed Natasha
  1366 | D:2      | Killed Natasha
  1480 | D:2      | Noticed Natasha
  1490 | D:2      | Killed Natasha
  1491 | D:2      | Reached skill level 6 in Stealth
  1491 | D:2      | Reached skill level 1 in Spellcasting
  1491 | D:2      | Reached XP level 5. HP: 27/32 MP: 6/6
  1578 | D:2      | Learned a level 2 spell: Corpse Rot
  1581 | D:2      | Learned a level 2 spell: Poisonous Vapours
  2026 | D:3      | Found Qoin's Armour Emporium.
  2221 | D:3      | Found a runed translucent door.
  2224 | D:3      | Noticed Crazy Yiuf
  2229 | D:3      | Killed Crazy Yiuf
  2446 | D:3      | Found a runed translucent door.
  2451 | D:3      | Noticed ytrimaz's ghost (amateur OpTm)
  2474 | D:3      | Killed ytrimaz's ghost
  2475 | D:3      | Reached skill level 1 in Air Magic
  2475 | D:3      | Reached skill level 1 in Poison Magic
  2475 | D:3      | Reached XP level 6. HP: 29/37 MP: 8/8
  2907 | D:4      | Noticed a black bear
  2915 | D:4      | Killed a black bear
  2916 | D:4      | Reached XP level 7. HP: 41/41 MP: 8/10
  3511 | D:5      | Entered Level 5 of the Dungeon
  4047 | D:5      | Found a blossoming altar of Fedhas.
  4048 | D:5      | Found a broken altar of Ashenzari.
  4048 | D:5      | Found an ancient bone altar of Kikubaaqudgha.
  4146 | D:5      | Found a staircase to the Ecumenical Temple.
  4168 | D:5      | Found a shimmering altar of Xom.
  4704 | D:6      | Reached XP level 8. HP: 23/48 MP: 9/12
  4708 | D:6      | Reached skill level 7 in Stealth
  4816 | D:6      | Found a glowing drain.
  4864 | Sewer    | Entered a sewer
  5062 | Sewer    | Noticed Pargi
  5077 | Sewer    | Killed Pargi
  5078 | Sewer    | Reached skill level 5 in Short Blades
  5334 | D:6      | HP: 1/48 [acid dragon/splash of acid (16)]
  5356 | D:6      | Slain by an acid dragon

Illustrated notes

Levels and vault maps discovered:
D:1:      lightli_iron_boxes, layout_loops_cross, minmay_fountain_box,
          st_stairs_11, chequers_serial_rivers_small_b, glass_columns_b
D:2:      layout_loops_ring, nicolae_ecumenical_pavilion,
          nicolae_figureground_sparkle, uniq_natasha
D:3:      layout_rooms, ebering_ghost_reflecting_pool, serial_shops, shop,
          minmay_misc_feat_room, uniq_crazy_yiuf_cottage
D:4:      layout_loops_ring
D:5:      layout_gridville, nicolae_overflow_quartered_altars,
          minmay_temple_entry_sparse_star
D:6:      layout_rooms, gup_sewer_entry_bubbles

Skill      XL: |  1  2  3  4  5  6  7  8 |
---------------+-------------------------+-----
Short Blades   | 3 4 5 |  5.2
Dodging        | 2 3 4 |  4.1
Throwing       | 3 4 |  4.3
Stealth        | 6 7 |  7.3
Spellcasting   | 1 2 3 |  3.1
Fighting       | 3 4 |  4.3
Air Magic      | 1 2 |  2.0
Poison Magic   | 1 2 |  2.0

Action                   |  1- 3 |  4- 6 |  7- 9 || total
-------------------------+-------+-------+-------++-------
Melee: Dagger            |    21 |       |       ||    21
       Short sword       |    67 |    75 |   128 ||   270
       Unarmed           |       |     5 |       ||     5
Throw: Dart              |     7 |     4 |    16 ||    27
 Cast: Poisonous Vapours |       |       |     3 ||     3
  Use: Scroll            |       |     5 |     4 ||     9
       Potion            |       |     1 |       ||     1
 Stab: Sleeping          |    10 |     8 |    14 ||    32
Armor: Robe              |    14 |    10 |    21 ||    45
Dodge: Dodged            |    49 |    45 |    71 ||   165

Table legend: (Time is in decaauts)
 A = Elapsed time spent in this place.
 B = Non-inter-level travel time spent in this place.
 C = Inter-level travel time spent in this place.
 D = Time resting spent in this place.
 E = Time spent auto-exploring this place.
 F = Levels seen in this place.
 G = Mean time per level.
                   A        B        C        D        E       F      G
               +--------+--------+--------+--------+--------+-----+--------+
         Total |   5358 |   5250 |    108 |    704 |   3320 |   7 |  765.4 |
       Dungeon |   5093 |   4985 |    108 |    546 |   3307 |   6 |  848.8 |
         Sewer |    264 |    264 |      0 |    158 |     13 |   1 |  264.0 |
               +--------+--------+--------+--------+--------+-----+--------+

Top non-repeatable levels by time:
     D:5: 1050 daAuts
     D:2: 1030 daAuts
     D:3: 937 daAuts
     D:4: 767 daAuts
     D:1: 766 daAuts
     D:6: 541 daAuts
   Sewer: 264 daAuts
